 Dungeon Crawl Stone Soup version 0.30.1-9-gdf580d7c3d (webtiles) character file.

Game seed: 4122983759945686410

28 lonewolfV2 the Shield-Bearer (level 3, -1/29 HPs)
             Began as a Formicid Fighter on Oct 11, 2023.
             Slain by Robin
             ... wielding a +0 falchion
              (4 damage)
             ... on level 2 of the Dungeon.
             The game lasted 00:01:40 (942 turns).

lonewolfV2 the Shield-Bearer (Formicid Fighter)      Turns: 942, Time: 00:01:41

Health: -1/29      AC:  6    Str: 20    XL:     3   Next: 27%
Magic:  3/3        EV:  9    Int:  7    God:
Gold:   780        SH:  5    Dex: 15    Spells: 2/2 levels left

rFire   . . .        a - +1 war axe
rCold   . . .        c - +0 buckler
rNeg    . . .        b - +0 scale mail
rPois   .            (helmet unavailable)
rElec   .            (no cloak)
rCorr   .            (no gloves)
SInv    +            (no boots)
Will    .....        (no amulet) Stlth
                     (no ring)
HPRegen 0.24/turn    (no ring)
MPRegen 0.08/turn

%: no passive effects
@: no status effects
A: permanent stasis, dig shafts and tunnels, antennae 3, four strong arms
a: Dig, Shaft Self


You were on level 2 of the Dungeon.
You visited 1 branch of the dungeon, and saw 2 of its levels.

You collected 780 gold pieces.

Inventory:

Hand Weapons
 a - a +1 war axe (weapon)
Armour
 b - a +0 scale mail (worn)
 c - a +0 buckler (worn)
Scrolls
 f - 2 scrolls of magic mapping
 j - a scroll of amnesia {unknown}
Potions
 d - a potion of might
 g - a potion of degeneration {unknown}


   Skills:
 + Level 3.6 Fighting
 + Level 2.5 Axes
 + Level 3.6 Armour
 + Level 4.4 Shields


You had 2 spell levels left.
You didn't know any spells.
Your spell library was empty.

Dungeon Overview and Level Annotations

Branches:
Dungeon (2/15)

Altars:

Annotations:
D:2 Robin


Innate Abilities, Weirdness & Mutations

You cannot be hasted, slowed, berserked, paralysed or teleported.
You can dig through walls and to a lower floor.
You have a pair of large antennae on your head. (SInv)
Your four strong arms can wield two-handed weapons with a shield.


Message History

The goblin barely misses you.
The goblin shoots a sling bullet.
The sling bullet hits you.
The goblin no longer looks unusually strong. x2
Robin drinks a potion.
Robin seems to grow stronger.
The goblin hits you with a +0 dagger. The hobgoblin hits you.
The goblin unwields a +0 sling.
The goblin wields a +0 dagger.
You block the goblin's attack.
There is an open door, spattered with blood here.
Unknown command.
You slash the goblin!
You kill the goblin!
You closely miss the goblin. You barely miss the hobgoblin.
You barely miss the goblin. You block the goblin's attack.
You block the hobgoblin's attack. The goblin hits you but does no damage.
Robin hits you with a +0 falchion. You block the goblin's attack.
The goblin hits you but does no damage. The hobgoblin closely misses you.
You hit Robin.
Robin is lightly wounded.
You closely miss the goblin. You barely miss the goblin. You slash the goblin!
You kill the goblin!
You barely miss the hobgoblin.
The goblin no longer looks unusually strong.
The hobgoblin no longer looks unusually strong.
You block the goblin's attack. Robin hits you with a +0 falchion!
* * * LOW HITPOINT WARNING * * *
The goblin closely misses you. You block the hobgoblin's attack.
The goblin hits you but does no damage.
You barely miss Robin.
Robin is lightly wounded.
You hit the hobgoblin. You hit the goblin.
You kill the goblin!
You hit the goblin.
You kill the goblin!
The goblin no longer looks unusually strong.
The hobgoblin no longer looks unusually strong.
Robin closely misses you. The hobgoblin barely misses you.
The goblin hits you with a +0 dagger.
* * * LOW HITPOINT WARNING * * *
The hobgoblin closely misses you. Robin hits you with a +0 falchion.
You die...

*********
*,,,,,,,,,,,,,,,,,,* *
**************,,,,,** *
***,,,,, * *,***, * *,* *, *
*,***, * ######### *,,,,, *
######)......# *,,,,, *
*******#..gg@)......# *,,,,,
* *,........gg#g......#
*,,,,, *
*,.........g#.......# *,,,,,
* *,.....[....#.......#
*,,,,, *,..........#...)...#
*,**** *,..........#.......#
*,**** *,..........#.......#
*,,,,, *,..........#.......#
*####,
*,,,,,,,,,,,#.......#####..#,


You could see Robin (strong), 2 hobgoblins and 3 goblins.

Vanquished Creatures
  A dart slug (D:1)
  2 ball pythons (D:1)
  3 endoplasms (D:1)
  2 giant cockroaches (D:1)
  7 goblins (D:2)
  3 jackals (D:1)
  A quokka (D:1)
  A frilled lizard (D:1)
  A kobold (D:1)
  2 rats (D:1)
23 creatures vanquished.

Notes
Turn   | Place    | Note
-------+----------+-------------------------------------------
     0 | D:1      | lonewolfV2 the Formicid Fighter began the quest for the
                  | Orb.
     0 | D:1      | Reached XP level 1. HP: 18/18 MP: 1/1
    36 | D:1      | Found a faded altar of an unknown god.
   242 | D:1      | Reached XP level 2. HP: 24/24 MP: 2/2
   523 | D:1      | Reached XP level 3. HP: 26/29 MP: 3/3
   868 | D:2      | Identified a scroll of acquirement
   868 | D:2      | Acquired 709 gold pieces
   927 | D:2      | Noticed Robin
   942 | D:2      | Slain by Robin

Illustrated notes

Levels and vault maps discovered:
D:1:      tekkud_arrival_beachfront_property, layout_loops_ring,
          ebering_ecumenical_altar_mist, chequers_serial_rivers_small_b
D:2:      layout_basic, serial_bayou, serial_bayou_pond_d, serial_bayou_pond_b,
          serial_bayou_pond_c, serial_bayou_crossing, uniq_natasha,
          uniq_terence, uniq_robin

Action                     || total
---------------------------++-------
  Melee: War axe           ||    52
    Use: Scroll            ||     4
 Armour: Scale mail        ||    29
  Dodge: Dodged            ||    35
  Block: Buckler           ||    24
